 Dungeon Crawl Stone Soup version 0.29-a0-830-gcb1280458a (webtiles) character file.

Game seed: 5124970595502305389

63 Ijustatesigmund the Magician (level 3, 0/19 HPs)
             Began as a Deep Elf Earth Elementalist on July 12, 2022.
             Constricted to death by a ball python (1 damage)
             ... on level 4 of the Dungeon.
             The game lasted 00:03:49 (2224 turns).

Ijustatesigmund the Magician (DEEE)                 Turns: 2224, Time: 00:03:50

Health: 0/19       AC:  2    Str:  5    XL:     3   Next: 87%
Magic:  10/10      EV:  9    Int: 21    God:
Gold:   136        SH:  0    Dex: 15    Spells: 4/10 levels left

rFire   . . .      SeeInvis .   c - +2 falchion (vorpal)
rCold   . . .      Faith    .   (no shield)
rNeg    . . .      Spirit   .   a - +0 robe
rPois   .          Reflect  .   (no helmet)
rElec   .          Harm     .   (no cloak)
rCorr   .          Rampage  .   (no gloves)
Will    .....                   (no boots)
Stlth   ++........              (no amulet)
HPRegen 0.06/turn               (no ring)
MPRegen 0.12/turn               (no ring)

@: constricted
A: no striking features
a: no special abilities


You were on level 4 of the Dungeon.
You visited 1 branch of the dungeon, and saw 4 of its levels.

You collected 136 gold pieces.

Inventory:

Hand Weapons
 c - a +2 vorpal falchion (weapon)
Armour
 a - a +0 robe (worn)
Potions
 b - a potion of magic
 d - a potion of heal wounds
 e - a potion of brilliance
 f - 2 potions of haste {unknown}
 g - a potion of resistance {unknown}
 h - a potion of lignification {unknown}


   Skills:
 - Level 2.4 Dodging
 - Level 2.4 Stealth
 - Level 4.2 Spellcasting
 + Level 1.9 Conjurations
 - Level 1.1 Transmutations
 - Level 4.1 Earth Magic


You had 4 spell levels left.
You knew the following spells:

 Your Spells              Type           Power      Damage    Failure   Level
a - Sandblast             Erth           42%        2d11      2%          1
b - Stone Arrow           Conj/Erth      34%        3d9       10%         3
c - Passwall              Tmut/Erth      12%        N/A       6%          2

Your spell library contained the following spells:

 Spells                   Type           Power      Damage    Failure   Level
 Static Discharge         Conj/Air       8%         3-4/arc   12%         2
 Petrify                  Tmut/Erth      15%        N/A       36%         4
 Sticky Flame             Conj/Fire      8%         2d3       61%         4
 Dispel Undead            Necr           4%         3d7       75%         4


Dungeon Overview and Level Annotations

Branches:
Dungeon (4/15)
 Temple: D:4-7

Altars:


Message History

Found 3 poisoned darts.
A ball python comes into view.
A worm comes into view.
Found an escape hatch in the floor.
Casting: Sandblast (safe; 2% risk of failure)
Confirm with . or Enter, or press ? or * to list all spells.
You can't see any susceptible monsters within range! (Use Z to cast anyway.)
Casting: Sandblast (safe; 2% risk of failure)
Confirm with . or Enter, or press ? or * to list all spells.
You can't see any susceptible monsters within range! (Use Z to cast anyway.)
Casting: Sandblast (safe; 2% risk of failure)
Confirm with . or Enter, or press ? or * to list all spells.
You can't see any susceptible monsters within range! (Use Z to cast anyway.)
Casting: Sandblast (safe; 2% risk of failure)
Confirm with . or Enter, or press ? or * to list all spells.
Aiming: Sandblast (safe; 2% risk of failure)
Press: ? - help, Shift-Dir - straight line, f - worm
Aim: a worm (93% to hit)
The blast of sand hits the worm.
The worm is moderately wounded.
The orc shouts!
The ball python hisses angrily.
You hear a shout!
An orc comes into view. It is wielding a +0 whip.
You hear a shout!
The orc attacks as you move away! The orc hits you with a +0 short sword.
The ball python attacks as you move away!
The ball python bites you. The ball python completely misses you.
The orc attacks as you move away! The orc hits you with a +0 short sword.
The ball python bites you but does no damage.
The ball python barely misses you.
The ball python attacks as you move away!
The ball python barely misses you. The ball python closely misses you.
The ball python attacks as you move away!
The ball python barely misses you. x2
The orc attacks as you move away! The orc hits you with a +0 short sword.
The orc attacks as you move away! The orc hits you with a +0 short sword.
* * * LOW HITPOINT WARNING * * *
The ball python bites you.
* * * LOW HITPOINT WARNING * * *
The ball python grabs you. The ball python constricts you.
You die...

######### #...............
#.......###...............
#.#####...................
##.##....w..........
#.##...............
#.##...............
##.##.....o.........
#...#o..............
#.>@S.......)...$...
#...#...............
#..................
#...##....####....
#...##....# .. #......####
#...#### #...# #...#


You could see a worm, 2 orcs and a ball python.

Vanquished Creatures
  2 adders (D:2)
  2 worms (D:2)
  7 endoplasms
  3 goblins
  3 hobgoblins
  4 kobolds
  2 ball pythons
  7 bats
  6 frilled lizards
  5 rats
41 creatures vanquished.

Vanquished Creatures (others)
  4 fungi (D:2)
  4 plants (D:2)
8 creatures vanquished.

Grand Total: 49 creatures vanquished

Notes
Turn   | Place    | Note
-------+----------+-------------------------------------------
     0 | D:1      | Ijustatesigmund the Deep Elf Earth Elementalist began the
                  | quest for the Orb.
     0 | D:1      | Reached XP level 1. HP: 10/10 MP: 6/6
   418 | D:1      | Reached XP level 2. HP: 15/15 MP: 5/8
  1151 | D:2      | Reached XP level 3. HP: 16/19 MP: 7/10
  1155 | D:2      | Learned a level 3 spell: Stone Arrow
  1158 | D:2      | Learned a level 2 spell: Passwall
  1420 | D:2      | Found a faded altar of an unknown god.
  1447 | D:2      | Reached skill level 1 in Conjurations
  2083 | D:3      | You fall into a shaft and drop 1 floor!
  2224 | D:4      | Constricted to death by a ball python

Illustrated notes

Levels and vault maps discovered:
D:1:      dpeg_arrival_tiny_g, layout_basic
D:2:      layout_rooms, shapermc_ecumenical_altar_gd
D:3:      layout_loops_ring, amcnicky_altar_gilded, uniq_jessica
D:4:      layout_basic, mainiacjoe_overflow_surrounded_room, vehumet_crystals,
          minmay_misc_feat_rugged, kennysheep_generic_room_14

Skill      XL: |  1  2  3 |
---------------+----------+-----
Spellcasting   | 4 |  4.2
Earth Magic    | 4 |  4.1
Conjurations   | 1 |  1.9
Dodging        | |  2.4
Stealth        | |  2.4
Transmutations | |  1.1

Action                   || total
-------------------------++-------
Melee: Falchion          ||     3
 Cast: Sandblast         ||    53
       Stone Arrow       ||     2
  Use: Scroll            ||     2
       Potion            ||     2
 Stab: Sleeping          ||     1
Armor: Robe              ||     7
Dodge: Dodged            ||    32

Table legend: (Time is in decaauts)
 A = Elapsed time spent in this place.
 B = Non-inter-level travel time spent in this place.
 C = Inter-level travel time spent in this place.
 D = Time resting spent in this place.
 E = Time spent auto-exploring this place.
 F = Levels seen in this place.
 G = Mean time per level.
                   A        B        C        D        E       F      G
               +--------+--------+--------+--------+--------+-----+--------+
         Total |   2276 |   2227 |     49 |    782 |   1139 |   4 |  569.0 |
       Dungeon |   2276 |   2227 |     49 |    782 |   1139 |   4 |  569.0 |
               +--------+--------+--------+--------+--------+-----+--------+

Top non-repeatable levels by time:
     D:2: 1233 daAuts
     D:1: 884 daAuts
     D:4: 141 daAuts
     D:3: 17 daAuts
